 Dungeon Crawl Stone Soup version 0.31-a0-626-g8143ab4f1d (webtiles) character file.

Game seed: 13218805185215822893

173 Shayle the Trooper (level 5, -1/54 HPs)
             Began as an Ogre Shapeshifter on Aug 24, 2023.
             Slain by a gnoll
             ... wielding a +0 flail
              (3 damage)
             ... on level 4 of the Dungeon.
             The game lasted 00:05:23 (2850 turns).

Shayle the Trooper (Ogre Shapeshifter)              Turns: 2850, Time: 00:05:23

Health: -1/54      AC:  4    Str: 19    XL:     5   Next: 53%
Magic:  9/9        EV:  9    Int: 11    God:
Gold:   162        SH:  0    Dex:  9    Spells: 10/10 levels left

rFire   . . .        p - +1 hand axe (flame)
rCold   . . .        (no shield)
rNeg    . . .        a - +1 animal skin
rPois   .            (helmet currently unavailable)
rElec   .            (cloak currently unavailable)
rCorr   .            (gloves unavailable)
SInv    .            (boots unavailable)
Will    .....        (no amulet)
Stlth   +            (no ring)
HPRegen 0.29/turn    (no ring)
MPRegen 0.11/turn

%: no passive effects
@: beast-form
A: beast (slay +1), large, unfitting armour, tough skin 1
a: Begin Untransformation


You were on level 4 of the Dungeon.
You were a hulking beast.
You visited 1 branch of the dungeon, and saw 4 of its levels.

You collected 162 gold pieces.

Inventory:

Hand Weapons
 p - a +1 hand axe of flaming (weapon)
Missiles
 e - 2 throwing nets
Armour
 a - a +1 animal skin (worn)
 q - a +0 hat
Jewellery
 i - a ring of fire
 k - a ring of fire
Talismans
 c - a beast talisman (active)
 d - a flux talisman
Scrolls
 l - 4 scrolls of teleportation
 m - a scroll of fear {unknown}
 n - a scroll of vulnerability {unknown}
 o - 2 scrolls of silence {unknown}
Potions
 f - 2 potions of might
 g - 2 potions of enlightenment


   Skills:
 + Level 4.2 Fighting
 - Level 1.7 Dodging
 + Level 3.7 Unarmed Combat
 + Level 3.0 Spellcasting
 - Level 3.0 Shapeshifting


You had 10 spell levels left.
You didn't know any spells.
Your spell library was empty.

Dungeon Overview and Level Annotations

Branches:
Dungeon (4/15)
 Temple: D:4-7

Altars:
Okawaru
Xom

Shops:
D:3 (


Innate Abilities, Weirdness & Mutations

You are a hulking beast.
Your limbs bulge with bestial killing power. (Slay +1)
You are too large for most types of armour.
You have tough skin. (AC +1)


Message History

A gnoll is nearby!
A gnoll comes into view. It is wielding a +0 whip.
The gnoll shouts! x2; You hear a shout!
A gnoll comes into view. It is wielding a +0 flail.
Found a stone staircase leading down.
A gnoll comes into view. It is wielding a +0 whip.
The gnoll shouts!
You hit the gnoll. You burn the gnoll.
The gnoll is heavily wounded.
The gnoll hits you with a +0 whip.
You completely miss the gnoll.
The gnoll is heavily wounded.
The gnoll hits you with a +0 whip.
You hit the gnoll. You burn the gnoll.
The gnoll is almost dead.
The gnoll barely misses you.
You hit the gnoll. You burn the gnoll.
The gnoll is heavily wounded.
The gnoll hits you with a +0 flail.
You barely miss the gnoll.
The gnoll is heavily wounded.
A goblin comes into view. It is wielding a +0 dagger.
The gnoll hits you with a +0 flail!
You closely miss the gnoll.
The gnoll is heavily wounded.
The goblin shouts!
The gnoll hits you with a +0 flail. The gnoll hits you with a +0 flail!
You hit the gnoll. You burn the gnoll.
The gnoll is almost dead.
The gnoll hits you with a +0 flail.
You barely miss the gnoll. Your punch misses the gnoll.
The gnoll is almost dead.
The gnoll hits you with a +0 flail!
* * * LOW HITPOINT WARNING * * *
You hit the gnoll but do no damage.
The gnoll is almost dead.
The gnoll hits you with a +0 flail!
* * * LOW HITPOINT WARNING * * *
The gnoll hits you with a +0 flail.
You die... >.. ..# ..# ##..# .gg. #gg

#g# ###h# ##...#
#####..### .
#........# ).....
#.##..##.#
......#
#.#....#.# .....#
#........#
.....###..###.###
#.............


You could see 4 gnolls and a goblin.

Vanquished Creatures
  An orc wizard (D:3)
  A gnoll (D:1)
  5 adders
  2 worms (D:2)
  5 dart slugs
  2 orcs (D:3)
  5 ball pythons
  8 bats
  7 endoplasms
  3 giant cockroaches
  6 goblins
  4 hobgoblins
  2 quokkas
  5 frilled lizards
  10 kobolds
  9 rats
75 creatures vanquished.

Notes
Turn   | Place    | Note
-------+----------+-------------------------------------------
     0 | D:1      | Shayle the Ogre Shapeshifter began the quest for the Orb.
     0 | D:1      | Reached XP level 1. HP: 19/19 MP: 1/1
    16 | D:1      | You fall into a shaft and drop 1 floor!
    35 | D:2      | Reached skill level 2 in Fighting
    35 | D:2      | Reached XP level 2. HP: 17/28 MP: 1/3
   104 | D:2      | Reached skill level 1 in Spellcasting
   275 | D:1      | Reached XP level 3. HP: 35/36 MP: 3/5
   349 | D:1      | Found a faded altar of an unknown god.
   590 | D:1      | Reached skill level 3 in Fighting
   663 | D:1      | Reached XP level 4. HP: 45/45 MP: 7/7
  1593 | D:2      | Reached XP level 5. HP: 50/54 MP: 8/8
  2034 | D:3      | Found Wougar's Antique Weapon Shop.
  2130 | D:3      | Found an iron altar of Okawaru.
  2287 | D:3      | Found a shimmering altar of Xom.
  2476 | D:3      | Reached skill level 4 in Fighting
  2850 | D:4      | HP: 2/54 [gnoll/+0 flail (10)]
  2850 | D:4      | Slain by a gnoll

Illustrated notes

Levels and vault maps discovered:
D:1:      dpeg_arrival_concentric_ovals, layout_loops_ring,
          shapermc_ecumenical_altar_acropolis, hangedman_decor_points
D:2:      layout_basic
D:3:      layout_loops_corners, mainiacjoe_overflow_big_doors, serial_shops,
          shop, minmay_misc_feat_cross
D:4:      layout_basic, nicolae_yredelemnul_corpse_copse

Skill      XL: |  1  2  3  4  5 |
---------------+----------------+-----
Fighting       | 2 3 4 |  4.2
Spellcasting   | 1 2 3 |  3.0
Unarmed Combat | 3 |  3.7
Dodging        | |  1.7
Shapeshifting  | |  3.0

Action                     |  1- 3 |  4- 6 || total
---------------------------+-------+-------++-------
  Melee: Unarmed           |    79 |    84 ||   163
         Punch             |     3 |     1 ||     4
         Hand axe          |       |    62 ||    62
    Use: Scroll            |       |     5 ||     5
         Potion            |       |     3 ||     3
   Stab: Invisible         |       |     1 ||     1
         Sleeping          |       |     1 ||     1
 Armour: Animal skin       |    25 |    51 ||    76
         Skin              |       |     8 ||     8
  Dodge: Dodged            |    32 |    51 ||    83

Table legend: (Time is in decaauts)
 A = Elapsed time spent in this place.
 B = Non-inter-level travel time spent in this place.
 C = Inter-level travel time spent in this place.
 D = Time resting spent in this place.
 E = Time spent auto-exploring this place.
 F = Levels seen in this place.
 G = Mean time per level.
                   A        B        C        D        E       F      G
               +--------+--------+--------+--------+--------+-----+--------+
         Total |   2857 |   2804 |     53 |    342 |   1820 |   4 |  714.2 |
       Dungeon |   2857 |   2804 |     53 |    342 |   1820 |   4 |  714.2 |
               +--------+--------+--------+--------+--------+-----+--------+

Top non-repeatable levels by time:
     D:3: 1074 daAuts
     D:2: 949 daAuts
     D:1: 762 daAuts
     D:4: 71 daAuts
